 Dungeon Crawl Stone Soup version 0.29-a0-284-gf9362112df (webtiles) character file.

Game seed: 15421108398405039970

237 epen the Archer (level 6, -1/50 HPs)
             Began as a Gnoll Hunter on Mar 14, 2022.
             Slain by an orc wizard
             ... wielding a +2 dagger of electrocution
              (19 damage)
             ... on level 4 of the Dungeon.
             The game lasted 00:02:28 (2673 turns).

epen the Archer (Gnoll Hunter)                      Turns: 2673, Time: 00:02:29

Health: -1/50      AC:  5    Str: 11    XL:     6   Next: 6%
Magic:  17/17      EV: 14    Int:  8    God:
Gold:   144        SH:  0    Dex: 17    Spells: 8/8 levels left

rFire   . . .      SeeInvis .   a - +1 shortbow
rCold   . . .      Faith    .   (shield currently unavailable)
rNeg    . . .      Spirit   .   b - +0 leather armour
rPois   .          Reflect  .   (no helmet)
rElec   .          Harm     .   x - +0 cloak
rCorr   .          Rampage  .   (no gloves)
Will    .....                   l - +0 pair of boots
Stlth   ++........              (no amulet)
HPRegen 0.16/turn               v - ring of magical power
MPRegen 0.15/turn               (no ring)

@: no status effects
A: fangs 1, strong nose, distributed training
a: no special abilities


You were on level 4 of the Dungeon.
You visited 1 branch of the dungeon, and saw 4 of its levels.

You collected 144 gold pieces.

Inventory:

Hand Weapons
 a - a +1 shortbow (weapon)
 s - a +3 dagger
Armour
 b - a +0 leather armour (worn)
 l - a +0 pair of boots (worn)
 x - a +0 cloak (worn)
Jewellery
 v - a ring of magical power (left hand)
 w - a ring of protection from fire
Wands
 q - a wand of iceblast (4)
Scrolls
 c - 2 scrolls of immolation
 e - a scroll of magic mapping {unknown}
 g - a scroll of fear {unknown}
 h - 3 scrolls of identify {unknown}
 j - 2 scrolls of enchant weapon {unknown}
 m - a scroll of enchant armour {unknown}
 o - 2 scrolls of blinking {unknown}
 r - a scroll of amnesia {unknown}
 t - 2 scrolls of teleportation {unknown}
Potions
 d - a potion of attraction {unknown}
 f - a potion of curing {unknown}
 i - 2 potions of flight {unknown}
 k - a potion of might {unknown}
 n - 3 potions of mutation {unknown}
 p - a potion of resistance {unknown}
 u - a potion of haste {unknown}


   Skills:
 + Level 4.9 Fighting
 + Level 1.8 Short Blades
 + Level 1.8 Long Blades
 + Level 1.8 Axes
 + Level 1.8 Maces & Flails
 + Level 1.8 Polearms
 + Level 1.8 Staves
 + Level 1.8 Slings
 + Level 8.7 Bows
 + Level 1.8 Crossbows
 + Level 1.8 Throwing
 + Level 1.8 Armour
 + Level 4.9 Dodging
 + Level 3.0 Stealth
 + Level 1.8 Shields
 + Level 1.8 Unarmed Combat
 + Level 1.8 Spellcasting
 + Level 1.4 Conjurations
 + Level 1.4 Hexes
 + Level 1.4 Summonings
 + Level 1.4 Necromancy
 + Level 1.4 Translocations
 + Level 1.4 Transmutations
 + Level 1.4 Fire Magic
 + Level 1.4 Ice Magic
 + Level 1.4 Air Magic
 + Level 1.4 Earth Magic
 + Level 1.4 Poison Magic
 + Level 2.0 Invocations
 + Level 1.8 Evocations


You had 8 spell levels left.
You didn't know any spells.
Your spell library contained the following spells:

 Spells                   Type           Power      Damage    Failure   Level
 Sandblast                Erth           4%         2d4       26%         1
 Shock                    Conj/Air       8%         1d3       26%         1
 Ensorcelled Hibernation  Hex/Ice        4%         N/A       38%         2
 Passwall                 Tmut/Erth      1%         N/A       38%         2
 Static Discharge         Conj/Air       2%         N/A       38%         2
 Spider Form              Tmut/Pois      2%         N/A       63%         3
 Stone Arrow              Conj/Erth      4%         3d7       63%         3
 Swiftness                Air            2%         N/A       63%         3
 Airstrike                Air            1%         N/A       95%         4
 Anguish                  Hex/Necr       1%         N/A       95%         4
 Dispel Undead            Necr           2%         3d7       95%         4
 Sticky Flame             Conj/Fire      2%         2d3       95%         4


Dungeon Overview and Level Annotations

Branches:
Dungeon (4/15)
 Temple: D:4-7

Altars:


Innate Abilities, Weirdness & Mutations

You have very sharp teeth.
Your uncanny sense of smell can sniff out nearby items.
Your experience applies equally to all skills.


Message History

You shoot an arrow. You shoot an arrow. The arrow hits the endoplasm.
The endoplasm is moderately wounded.
You shoot an arrow. Something barely misses you.
You shoot an arrow. The arrow hits the endoplasm.
The endoplasm is almost dead.
You hear some strange, mumbled words.
A puff of flame appears from out of thin air!
The puff of flame hits you. The endoplasm barely misses you.
You shoot an arrow. The arrow hits the endoplasm!
You kill the endoplasm!
You hear some strange, mumbled words.
A magic dart appears from out of thin air!
The magic dart hits you.
The orc priest begins to cast a cantrip, but forgets the words!
You shoot an arrow. The arrow hits the orc priest.
The orc priest is severely wounded.
Something hits you. The orc priest hits you with a +0 club.
You shoot an arrow. The arrow hits the orc priest.
The orc priest is almost dead.
You hear some strange, mumbled words.
A magic dart appears from out of thin air!
The magic dart hits you.
The orc priest looks encouraged for a moment.
Something hits you but does no damage. The orc priest hits you with a +0 club.
You shoot an arrow. The arrow barely misses the orc priest.
Something hits you but does no damage. The orc priest misses you.
You shoot an arrow. The arrow hits the orc priest.
You kill the orc priest!
You hear some strange, mumbled words.
A magic dart appears from out of thin air!
The magic dart hits you!
Your Stealth skill increases to level 3!
Your Invocations skill increases to level 2!
You have reached level 6!
You are too injured to fight recklessly!
Shoot: a) +1 shortbow
Press: ? - help, Shift-Dir - straight line You shoot an arrow.
Something hits you.
You are electrocuted!!
You die...

#.# ...... ..
##..†..#
#.###.....#
#...#.....##
#.........##
###......##.#.
###.##.............
...?..{@......# ...
......).###...#....
..)#...###........#
. ##... ##..##...#
..... ##.## ..#
.#....###..###....
. #......##...#....
...#....#...#....
...##..........#


There were no monsters in sight!

Vanquished Creatures
  Crazy Yiuf (D:3)
  An orc priest (D:4)
  Jessica (D:3)
  3 gnolls (D:3)
  5 adders
  A worm (D:2)
  6 orcs
  5 endoplasms
  3 giant cockroaches (D:1)
  9 hobgoblins
  8 kobolds
  2 quokkas (D:3)
  9 ball pythons
  7 bats
  6 frilled lizards
  4 goblins
  2 rats
73 creatures vanquished.

Notes
Turn   | Place    | Note
-------+----------+-------------------------------------------
     0 | D:1      | epen the Gnoll Hunter began the quest for the Orb.
     0 | D:1      | Reached XP level 1. HP: 20/20 MP: 1/1
    64 | D:1      | Reached XP level 2. HP: 26/26 MP: 2/2
   249 | D:1      | Found a faded altar of an unknown god.
   632 | D:2      | Reached XP level 3. HP: 31/31 MP: 3/3
   759 | D:2      | Reached skill level 1 in Invocations
  1077 | D:2      | Reached skill level 1 in Short Blades
  1077 | D:2      | Reached skill level 1 in Long Blades
  1077 | D:2      | Reached skill level 1 in Axes
  1077 | D:2      | Reached skill level 1 in Maces & Flails
  1077 | D:2      | Reached skill level 1 in Polearms
  1077 | D:2      | Reached skill level 1 in Staves
  1077 | D:2      | Reached skill level 1 in Slings
  1077 | D:2      | Reached skill level 1 in Crossbows
  1077 | D:2      | Reached skill level 1 in Throwing
  1077 | D:2      | Reached skill level 1 in Armour
  1077 | D:2      | Reached skill level 1 in Shields
  1077 | D:2      | Reached skill level 1 in Unarmed Combat
  1077 | D:2      | Reached skill level 1 in Spellcasting
  1077 | D:2      | Reached skill level 1 in Evocations
  1133 | D:2      | Reached XP level 4. HP: 38/38 MP: 5/5
  1783 | D:3      | Reached skill level 1 in Conjurations
  1783 | D:3      | Reached skill level 1 in Hexes
  1783 | D:3      | Reached skill level 1 in Summonings
  1783 | D:3      | Reached skill level 1 in Necromancy
  1783 | D:3      | Reached skill level 1 in Translocations
  1783 | D:3      | Reached skill level 1 in Transmutations
  1783 | D:3      | Reached skill level 1 in Fire Magic
  1783 | D:3      | Reached skill level 1 in Ice Magic
  1783 | D:3      | Reached skill level 1 in Air Magic
  1783 | D:3      | Reached skill level 1 in Earth Magic
  1783 | D:3      | Reached skill level 1 in Poison Magic
  1859 | D:3      | Reached XP level 5. HP: 41/43 MP: 6/6
  1973 | D:3      | Noticed Jessica
  1976 | D:3      | Killed Jessica
  2392 | D:3      | Found a runed translucent door.
  2393 | D:3      | Noticed Crazy Yiuf
  2582 | D:3      | Killed Crazy Yiuf
  2673 | D:4      | Reached XP level 6. HP: 19/50 MP: 8/8
  2673 | D:4      | Slain by an orc wizard

Illustrated notes

Levels and vault maps discovered:
D:1:      scummos_arrival_star, layout_loops_ring,
          shapermc_ecumenical_altar_starsandcircs
D:2:      layout_basic, minmay_misc_feat_plants, grunt_ministairs_2
D:3:      layout_rooms, hex_medium, uniq_crazy_yiuf_cottage, uniq_jessica
D:4:      layout_cave_pools, minmay_temple_entry_waves

Skill      XL: |  1  2  3  4  5 |
---------------+----------------+-----
Invocations    | 1 2 |  2.0
Short Blades   | 1 |  1.8
Long Blades    | 1 |  1.8
Axes           | 1 |  1.8
Maces & Flails | 1 |  1.8
Polearms       | 1 |  1.8
Staves         | 1 |  1.8
Slings         | 1 |  1.8
Crossbows      | 1 |  1.8
Throwing       | 1 |  1.8
Armour         | 1 |  1.8
Shields        | 1 |  1.8
Unarmed Combat | 1 |  1.8
Spellcasting   | 1 |  1.8
Evocations     | 1 |  1.8
Conjurations   | 1 |  1.4
Hexes          | 1 |  1.4
Summonings     | 1 |  1.4
Necromancy     | 1 |  1.4
Translocations | 1 |  1.4
Transmutations | 1 |  1.4
Fire Magic     | 1 |  1.4
Ice Magic      | 1 |  1.4
Air Magic      | 1 |  1.4
Earth Magic    | 1 |  1.4
Poison Magic   | 1 |  1.4
Stealth        | 3 |  3.0
Fighting       | |  4.9
Bows           | |  8.7
Dodging        | |  4.9

Action                   |  1- 3 |  4- 6 || total
-------------------------+-------+-------++-------
 Fire: Shortbow          |    82 |   103 ||   185
Armor: Leather armour    |     3 |    10 ||    13
Dodge: Dodged            |    14 |    29 ||    43

Table legend: (Time is in decaauts)
 A = Elapsed time spent in this place.
 B = Non-inter-level travel time spent in this place.
 C = Inter-level travel time spent in this place.
 D = Time resting spent in this place.
 E = Time spent auto-exploring this place.
 F = Levels seen in this place.
 G = Mean time per level.
                   A        B        C        D        E       F      G
               +--------+--------+--------+--------+--------+-----+--------+
         Total |   2691 |   2628 |     63 |    208 |   2049 |   4 |  672.8 |
       Dungeon |   2691 |   2628 |     63 |    208 |   2049 |   4 |  672.8 |
               +--------+--------+--------+--------+--------+-----+--------+

Top non-repeatable levels by time:
     D:2: 1107 daAuts
     D:3: 894 daAuts
     D:1: 627 daAuts
     D:4: 61 daAuts
